 Dungeon Crawl Stone Soup version 0.31.0-11-ge490571c62 (webtiles) character file.

Game seed: 11498308904500070224

40 qw the Shooter (level 3, -1/20 HPs)
             Began as a Deep Elf Hunter on Feb 3, 2024.
             Succumbed to their own poison gas
             ... on level 1 of the Dungeon.
             The game lasted 00:00:02 (719 turns).

qw the Shooter (Deep Elf Hunter)                     Turns: 719, Time: 00:00:02

Health: -1/20      AC:  7    Str: 10    XL:     3   Next: 30%
Magic:  5/5        EV: 12    Int: 13    God:
Gold:   55         SH:  5    Dex: 18    Spells: 2/2 levels left

rFire   . . .        a - +0 shortbow (drain)
rCold   . . .        (shield currently unavailable)
rNeg    . . .        c - +0 leather armour
rPois   .            (no helmet)
rElec   .            (no cloak)
rCorr   .            (no gloves)
SInv    .            (no boots)
Will    .....        l - amulet of reflection
Stlth   ++           i - +4 ring of protection
HPRegen 0.23/turn    (no ring)
MPRegen 0.09/turn

%: reflection
@: lethally poisoned (-1 -> -11)
A: no striking features
a: no special abilities


You were on level 1 of the Dungeon.
You visited 1 branch of the dungeon, and saw 1 of its levels.

You collected 55 gold pieces.


   Skills:
 - Level 1.5 Fighting
 + Level 6.9 Ranged Weapons
 - Level 2.4 Dodging
 - Level 1.2 Stealth


You had 2 spell levels left.
You didn't know any spells.
Your spell library was empty.

Inventory:

Hand Weapons
 a - a +0 shortbow of draining (weapon)
Armour
 c - a +0 leather armour (worn)
Jewellery
 i - a +4 ring of protection (left hand)
 l - an amulet of reflection (around neck)
Potions
 e - a potion of brilliance {unknown}
 f - a potion of might {unknown}
 g - a potion of haste {unknown}
 h - a potion of curing {unknown}

Dungeon Overview and Level Annotations

Branches:
Dungeon (1/15)

Altars:


Message History

Done exploring.
712 ||| READING scroll labelled FAKORGH ICEFU.
As you read the scroll labelled FAKORGH ICEFU, it crumbles to dust.
It is a scroll of brand weapon.
712 ||| BRANDING +0 shortbow.
Your +0 shortbow craves living souls!
a - a +0 shortbow of draining (weapon)
Done exploring.
713 ||| READING scroll labelled MEALIW HERU.
As you read the scroll labelled MEALIW HERU, it crumbles to dust.
The air around you briefly surges with heat, but it dissipates.
It was a scroll of immolation.
Done exploring.
714 ||| READING scroll labelled BOR JULILAOL.
The air fills with toxic fumes!
As you read the scroll labelled BOR JULILAOL, it crumbles to dust.
It was a scroll of poison.
Done exploring.
715 ||| DROPPING scroll of butterflies.
You drop a scroll of butterflies.
Done exploring.
What level of the Dungeon? (default 1, ? - help) Sorry, I don't know how to get there.
Enter note:
Enter note:
Enter note:
Enter note:
Enter note:
Enter note:
Enter note:
Enter note:
Enter note: You are engulfed in poison gas.
You are lethally poisoned!
You feel very sick.
717 ||| Stepping ~*~*~tactically~*~*~ (cloud).
You feel very sick.
You see here a scroll of butterflies.
There is a lethal amount of poison in your body!
You feel very sick.
There is a lethal amount of poison in your body!
You die...

#.#
#.###...##.###
#.#
#............##
#.#
#####...####..##
#.# ##.## ##..#
#.############
#.# ##.#
#..........¤0#
#.# ##'##
############¤#
#.# #8.8#
#¤####¤# #7<7#
#@¤¤¤¤¤#


777 ######## There were no monsters in sight!

Vanquished Creatures
  2 dart slugs (D:1)
  2 ball pythons (D:1)
  4 endoplasms (D:1)
  2 giant cockroaches (D:1)
  4 goblins (D:1)
  A hobgoblin (D:1)
  3 jackals (D:1)
  3 quokkas (D:1)
  A bat (D:1)
  8 frilled lizards (D:1)
  2 kobolds (D:1)
  A rat (D:1)
33 creatures vanquished.

Notes
Turn   | Place    | Note
-------+----------+-------------------------------------------
     0 | D:1      | qw the Deep Elf Hunter began the quest for the Orb.
     0 | D:1      | Reached XP level 1. HP: 12/12 MP: 3/3
     0 | D:1      | 0 ||| qw: Version: 0.3-a-155-g5e7d8dd
     0 | D:1      | 0 ||| qw: Game counter: 3489
     0 | D:1      | 0 ||| qw: Melee chars always use a shield: true
     0 | D:1      | 0 ||| qw: God list: Okawaru
     0 | D:1      | 0 ||| qw: Allow faded altars: false
     0 | D:1      | 0 ||| qw: Do Orc after clearing Dungeon:15 true
     0 | D:1      | 0 ||| qw: Do second Lair branch before Depths: true
     0 | D:1      | 0 ||| qw: Lair rune preference: random
     0 | D:1      | 0 ||| qw: Goals: Normal
     0 | D:1      | 0 ||| PLANNING D:1-11
    87 | D:1      | Reached XP level 2. HP: 16/16 MP: 4/4
    88 | D:1      | Reached skill level 6 in Ranged Weapons
   236 | D:1      | Found a faded altar of an unknown god.
   341 | D:1      | Reached XP level 3. HP: 20/20 MP: 5/5
   706 | D:1      | 706 ||| UPGRADING to amulet of reflection.
   711 | D:1      | 711 ||| UPGRADING to +4 ring of protection.
   712 | D:1      | 712 ||| READING scroll labelled FAKORGH ICEFU.
   712 | D:1      | 712 ||| BRANDING +0 shortbow.
   713 | D:1      | 713 ||| READING scroll labelled MEALIW HERU.
   714 | D:1      | 714 ||| READING scroll labelled BOR JULILAOL.
   715 | D:1      | 715 ||| DROPPING scroll of butterflies.
   717 | D:1      | 717 ||| Stepping ~*~*~tactically~*~*~ (cloud).
   717 | D:1      | HP: 5/20 [poisoned by you (poison gas)]
   718 | D:1      | HP: 2/20 [poisoned by you (poison gas)]
   719 | D:1      | Succumbed to their own poison gas

Levels and vault maps discovered:
D:1:      saegor_arrival_simple_b, layout_loops_ring, basic_ecumenical_altar,
          dreamdust_wishing_well, minmay_lizard_pond

Skill      XL: |  1  2 |
---------------+-------+-----
Ranged Weapons | 6 |  6.9
Fighting       | |  1.5
Dodging        | |  2.4
Stealth        | |  1.2

Action                     || total
---------------------------++-------
   Fire: Shortbow          ||    81
    Use: Scroll            ||     3
 Armour: Leather armour    ||     6
  Dodge: Dodged            ||    21

Table legend:
 A = Non-vault XP
 B = Vault XP
 C = Vault XP percentage of total XP
 D = Non-vault monster count
 E = Vault monster count
 F = Vault count percentage of total count
                 A         B        C        D         E       F
            +---------+---------+-------+---------+---------+-------
      Total |      52 |       6 |  10.3 |      27 |       6 |  18.2
            +---------+---------+-------+---------+---------+-------
        D:1 |      52 |       6 |  10.3 |      27 |       6 |  18.2
            +---------+---------+-------+---------+---------+-------
